 Dungeon Crawl Stone Soup version 0.22-a0-815-gb582571 (webtiles) character file.

400 inc the Ogre Mage (level 6, -3/62 HPs)
             Began as an Ogre Wizard on July 23, 2018.
             Slain by an ice beast (6 damage)
             ... on level 5 of the Dungeon.
             The game lasted 00:07:54 (4359 turns).

inc the Ogre Mage (Ogre Wizard)                     Turns: 4359, Time: 00:07:55

Health: -3/62      AC:  3    Str: 14    XL:     6   Next: 84%
Magic:  3/13       EV: 10    Int: 19    God:
Gold:   256        SH:  0    Dex:  7    Spells: 5/14 levels left

rFire    . . .     SeeInvis .   t - +1 war axe (vamp)
rCold    . . .     Gourm    .   (no shield)
rNeg     . . .     Faith    .   a - +0 robe
rPois    .         Spirit   .   b - +0 hat
rElec    .         Reflect  .   (no cloak)
rCorr    .         Harm     .   (gloves unavailable)
MR       .....                  (boots unavailable)
Stlth    +.........             (no amulet)
HPRegen  0.20/turn              (no ring)
MPRegen  0.13/turn              (no ring)

@: no status effects
A: large, unfitting armour, tough skin 1
a: no special abilities


You were on level 5 of the Dungeon.
You were not hungry.

You visited 1 branch of the dungeon, and saw 5 of its levels.

You collected 256 gold pieces.

Inventory:

Hand Weapons
 e - a +0 club
 i - a +0 short sword
 p - a +2 short sword of draining
 t - a +1 vampiric war axe (weapon)
Armour
 a - a +0 robe (worn)
 b - a +0 hat (worn)
Jewellery
 n - a +3 ring of dexterity {unknown}
Wands
 u - a wand of iceblast (8)
Scrolls
 c - 4 scrolls of remove curse
 g - a scroll of immolation
 k - a scroll of random uselessness {unknown}
 l - a scroll of noise {unknown}
 m - a scroll of fear {unknown}
 o - a scroll of amnesia {unknown}
 q - 4 scrolls of identify {unknown}
 r - 2 scrolls of fog
 s - 2 scrolls of blinking
Potions
 f - a potion of curing
 h - a potion of cancellation {unknown}
 j - 2 potions of agility
 w - a potion of heal wounds {unknown}
Comestibles
 d - 9 rations


   Skills:
 + Level 4.0 Fighting
 - Level 1.7 Dodging
 - Level 1.4 Stealth
 - Level 4.8 Spellcasting
 - Level 4.7 Conjurations
   Level 0.8 Summonings
 - Level 0.8 Translocations


You had 5 spell levels left.
You knew the following spells:

 Your Spells              Type           Power        Failure   Level  Hunger
a - Magic Dart            Conj           ###.         1%          1    None
b - Conjure Flame         Conj/Fire      ##......     14%         3    ##.....
c - Mephitic Cloud        Conj/Pois/Air  ##......     21%         3    ##.....
j - Blink                 Tloc           N/A          14%         2    #......

Your spell library contained the following spells:

 Spells                   Type           Power        Failure   Level  Hunger
 Slow                     Hex            #.......     19%         2    #......
 Call Imp                 Summ           #.......     14%         2    #......


Dungeon Overview and Level Annotations

Branches:
Dungeon (5/15)
 Temple: D:4-7

Altars:
Cheibriados
Elyvilon
Gozag

Annotations:
D:1 fly


Innate Abilities, Weirdness & Mutations

You are too large for most types of armour.
You have tough skin. (AC +1)


Message History

You hit the ice beast but do no damage.
The ice beast is severely wounded.
The ice beast barely misses you. x2
You hit the ice beast but do no damage.
The ice beast is severely wounded.
The ice beast hits you. The ice beast freezes you!
You slash the ice beast!
The ice beast is almost dead.
The ice beast hits you. The ice beast freezes you! The ice beast hits you.
The ice beast freezes you!
You hit the ice beast but do no damage.
The ice beast is almost dead.
The ice beast hits you. The ice beast freezes you!
* * * LOW HITPOINT WARNING * * *
You closely miss the ice beast.
The ice beast is almost dead.
The ice beast hits you.
* * * LOW HITPOINT WARNING * * *
The ice beast freezes you.
You die...

####### ## #.....#######
.. #.....#.....+ ..
#.....#.@...# ..
###.....#.Y.###
..#####.....###...###+#
......#.....+.........# .
..#...#.....#.........# ..
###..##.....###..###..#
...
#.....############..##..#
#.....#........#........##
#(....#........#..........


You could see an ice beast.

Vanquished Creatures
  Blork the orc (D:5)
  A jelly (D:5)
  A bullfrog skeleton (D:4)
  An iguana (D:4)
  A worker ant (D:4)
  A hound skeleton (D:5)
  4 gnolls (D:3)
  7 adders
  4 oozes
  2 worms (D:3)
  4 dart slugs
  4 leopard geckos
  2 orcs
  2 giant cockroaches
  9 goblins
  14 hobgoblins
  9 kobolds
  3 quokkas
  A ball python (D:2)
  3 bats
  6 frilled lizards
  7 rats
87 creatures vanquished.

Vanquished Creatures (others)
  A quokka (D:3)
1 creature vanquished.

Grand Total: 88 creatures vanquished

Notes
Turn   | Place    | Note
-------+----------+-------------------------------------------
     0 | D:1      | inc the Ogre Wizard began the quest for the Orb.
     0 | D:1      | Reached XP level 1. HP: 16/16 MP: 5/5
    44 | D:1      | Reached skill level 1 in Conjurations
   334 | D:1      | Reached XP level 2. HP: 24/24 MP: 1/6
   587 | D:2      | Reached XP level 3. HP: 31/31 MP: 0/8
  1048 | D:2      | Reached XP level 4. HP: 36/39 MP: 4/9
  1548 | D:1      | Learned a level 3 spell: Conjure Flame
  1552 | D:1      | Learned a level 3 spell: Mephitic Cloud
  1555 | D:1      | Learned a level 2 spell: Blink
  2227 | D:3      | Reached XP level 5. HP: 45/45 MP: 3/11
  2799 | D:3      | Found a white marble altar of Elyvilon.
  2818 | D:3      | Found a snail-covered altar of Cheibriados.
  3279 | D:4      | Noticed a phantom
  3472 | D:4      | Reached XP level 6. HP: 46/53 MP: 5/13
  3921 | D:4      | Reached skill level 1 in Fighting
  3950 | D:5      | Entered Level 5 of the Dungeon
  4008 | D:5      | Found an opulent altar of Gozag.
  4036 | D:5      | Noticed Blork the orc
  4050 | D:5      | Killed Blork the orc
  4292 | D:5      | Noticed an ice beast
  4359 | D:5      | HP: 3/62 [ice beast (3)]
  4359 | D:5      | Slain by an ice beast

Vault maps used:
D:1:      dpeg_arrival_chase
D:3:      kennysheep_slug_shrine, elyvilon_altar_4, feat_on_display
D:4:      first_ration
D:5:      grunt_qazlal_sundering, okawaru_gym_becter,
          nicolae_overflow_crystal_walls, old_standard_altar,
          minmay_temple_entry_hall, uniq_pikel, uniq_blork_the_orc,
          uniq_eustachio

Skill      XL: |  1  2  3  4  5  6 |
---------------+-------------------+-----
Conjurations   | 1 2 3 4 |  4.7
Spellcasting   | 4 |  4.8
Fighting       | 4 |  4.0
Dodging        | |  1.7
Stealth        | |  1.4
Summonings     | |  0.8
Translocations | |  0.8

Action                   |  1- 3 |  4- 6 || total
-------------------------+-------+-------++-------
Melee: Unarmed           |    15 |       ||    15
       Club              |     8 |       ||     8
       Short sword       |     5 |    33 ||    38
       War axe           |       |    17 ||    17
 Cast: Magic Dart        |    63 |   174 ||   237
       Conjure Flame     |       |     5 ||     5
       Mephitic Cloud    |       |     3 ||     3
  Use: Scroll            |       |     4 ||     4
       Potion            |       |     2 ||     2
  Eat: Chunk             |       |     9 ||     9
       Ration            |       |     2 ||     2
Armor: Robe              |    10 |    10 ||    20
Dodge: Dodged            |    31 |    49 ||    80

Table legend:
 A = Spawn XP
 B = Non-spawn XP
 C = Spawn XP percentage of total XP
 D = Spawn monster count
 E = Non-spawn monster count
 F = Spawn count percentage of total count
 G = Total turns spent on level
                    A         B        C        D         E        F      G
               +---------+---------+-------+---------+---------+-------+---------
         Total |       0 |     572 |   0.0 |       0 |      87 |   0.0 |  4359
               +---------+---------+-------+---------+---------+-------+---------
           D:1 |       0 |      39 |   0.0 |       0 |      20 |   0.0 |  1041
           D:2 |       0 |      86 |   0.0 |       0 |      25 |   0.0 |  1102
           D:3 |       0 |     148 |   0.0 |       0 |      30 |   0.0 |  1115
           D:4 |       0 |     140 |   0.0 |       0 |       8 |   0.0 |   692
           D:5 |       0 |     159 |   0.0 |       0 |       4 |   0.0 |   409
               +---------+---------+-------+---------+---------+-------+---------
